 Dungeon Crawl Stone Soup version 0.18.1-50-g88ac8fd (webtiles) character file.

1383 striepan the Arsonist (level 8, -2/41 HPs)
             Began as a Deep Elf Fire Elementalist on Sept 30, 2016.
             Was a Follower of Vehumet.
             Slain by a sky beast (6 damage)
             ... on level 7 of the Dungeon on Oct 3, 2016.
             The game lasted 00:45:37 (6015 turns).

striepan the Arsonist (Deep Elf Fire Elementalist)  Turns: 6015, Time: 00:45:38

Health: -2/41      AC:  4    Str:  5    XL:     8   Next: 40%
Magic:  14/14      EV:  8    Int: 23    God:    Vehumet [*.....]
Gold:   239        SH:  0    Dex: 15    Spells: 5 memorised, 3 levels left

rFire  . . .     SeeInvis .     f - +1 whip
rCold  . . .     Gourm    .     a - +0 robe
rNeg   . . .     Faith    .     (no shield)
rPois  .         Spirit   .     (no helmet)
rElec  .         Dismiss  .     j - +0 cloak
rCorr  .         Reflect  .     l - +0 pair of gloves
SustAt .         Harm     .     (no boots)
MR     .....                    (no amulet)
Stlth  ++........               (no ring)
                                (no ring)

@: not resistant to hostile enchantments, unstealthy
A: no striking features
a: Renounce Religion


You were on level 7 of the Dungeon.
You worshipped Vehumet.
Vehumet was aware of your devotion.
You were not hungry.

You visited 2 branches of the dungeon, and saw 9 of its levels.

You collected 239 gold pieces.

Inventory:

Hand Weapons
 f - a +1 whip (weapon)
 h - a +0 dagger
Armour
 a - a +0 robe (worn)
 j - a +0 cloak (worn)
 l - a +0 pair of gloves (worn)
 w - the cursed +1 leather armour "Exzoi" {+Inv MR+ SInv}
   (You found it on level 4 of the Dungeon)

   It affects your resistance to hostile enchantments.
   It lets you see invisible.
   It lets you turn invisible.
   It has a curse placed upon it.
Jewellery
 r - an uncursed ring of loudness
Wands
 t - a wand of digging (10/24)
 u - a wand of iceblast (0/15)
 y - a wand of digging (12/24)
Scrolls
 d - 5 scrolls of teleportation
 e - 2 scrolls of identify
 g - 3 scrolls of random uselessness
 i - a scroll of magic mapping
 v - a scroll of fog
Potions
 k - a potion of magic {unknown}
 n - a potion of heal wounds
 o - a potion of cure mutation {unknown}
 q - a potion of curing {unknown}
 s - a potion of flight {unknown}
 z - a potion of brilliance {unknown}
Books
 b - a book of Flames

   Spells                             Type                      Level
   a - Flame Tongue                   Conjuration/Fire             1
   b - Throw Flame                    Conjuration/Fire             2
   c - Conjure Flame                  Conjuration/Fire             3
   d - Inner Flame                    Hexes/Fire                   3
   e - Sticky Flame                   Conjuration/Fire             4
   f - Fireball                       Conjuration/Fire             5
 x - the Disquisition on the Voyage and Curses
   (You found it on level 6 of the Dungeon)

   Spells                             Type                      Level
   a - Apportation                    Translocation                1
   b - Summon Guardian Golem          Hexes/Summoning              3
   c - Teleport Other                 Translocation                3
   d - Metabolic Englaciation         Hexes/Ice                    5
   e - Darkness                       Hexes                        6
Comestibles
 c - 3 bread rations
 m - a meat ration
 p - 4 chunks of flesh


   Skills:
 - Level 2.4 Dodging
 - Level 2.4 Stealth
 - Level 3.0 Spellcasting
 - Level 8.2 Conjurations
 + Level 8.5 Fire Magic


You had 3 spell levels left.
You knew the following spells:

 Your Spells              Type           Power        Failure   Level  Hunger
a - Flame Tongue          Conj/Fire      #####        1%          1    None
b - Throw Flame           Conj/Fire      #####.       1%          2    ##.....
c - Conjure Flame         Conj/Fire      #####...     1%          3    ###....
d - Shock                 Conj/Air       ###.         2%          1    None
p - Inner Flame           Hex/Fire       ###.....     8%          3    ###....


Dungeon Overview and Level Annotations

Branches:
Dungeon (8/15)             Temple (1/1) D:4
   Lair: D:8-11

Altars:
Cheibriados
Dithmenos
Elyvilon
Fedhas
Gozag
Kikubaaqudgha
Nemelex Xobeh
Okawaru
Qazlal
Ru
Sif Muna
Trog
Vehumet
Xom
Yredelemnul
Zin
The Shining One


Message History

The orc priest mumbles some strange prayers to Beogh against you.
Beogh smites you!
* * * LOW HITPOINT WARNING * * *
The orc priest casts a cantrip, but nothing happens.
The sky beast flickers out of sight!
Deactivating autopickup; reactivate with Ctrl-A.
There is a stone staircase leading up here.
Something hits you but does no damage.
You climb upwards.
A giant newt comes into view.
There is a stone staircase leading down here.
A sky beast appears from thin air!
Reactivating autopickup.
Found 11 arrows.
Found a stone staircase leading up.
The sky beast hits you but does no damage.
There is a stone staircase leading up here.
The sky beast hits you.
* * * LOW HITPOINT WARNING * * *
The sky beast shocks you.
You die...

#.. .#. #..# #..
#..# #..###..#
##........
........### .##
#.#.#....####.....
#..##l..Y@.....#
##......####.###
#..####......
#.#.# #.##### (.
#.# #.# #.# #.#
#.# #.####l# #.#
#.l..>.# #.#
.....#####


You could see a sky beast and a giant newt.

Vanquished Creatures
  The ghost of thewizardguy the Shield-Bearer, a novice MiFi (D:4)
  An ice beast (D:8)
  2 phantoms
  2 centaurs
  4 crimson imps
  2 hounds
  A giant frog skeleton (D:5)
  2 orc priests
  3 orc wizards
  Natasha (thrice) (D:3)
  A worker ant (D:5)
  A gnoll (D:1)
  6 adders
  A river rat (D:5)
  An ooze (D:1)
  An adder zombie (D:5)
  4 worms
  2 dart slugs
  4 giant geckos
  9 orcs
  4 giant cockroaches
  5 hobgoblins
  8 jackals
  6 kobolds
  A quokka (D:4)
  2 ball pythons (D:2)
  8 bats
  2 giant gecko skeletons (D:4)
  4 giant newts
  5 goblins
  A quokka zombie (D:8)
  10 rats
107 creatures vanquished.

Notes
Turn   | Place    | Note
--------------------------------------------------------------
     0 | D:1      | striepan the Deep Elf Fire Elementalist began the quest for the Orb.
     0 | D:1      | Reached XP level 1. HP: 10/10 MP: 6/6
   136 | D:1      | Reached XP level 2. HP: 15/15 MP: 0/8
   474 | D:1      | Reached XP level 3. HP: 19/19 MP: 5/9
   973 | D:1      | Learned a level 3 spell: Conjure Flame
   977 | D:1      | Learned a level 3 spell: Inner Flame
  1104 | D:2      | Reached XP level 4. HP: 24/24 MP: 5/10
  1820 | D:2      | Found a sparkling altar of Nemelex Xobeh.
  1951 | D:3      | Reached skill level 5 in Conjurations
  1951 | D:3      | Reached XP level 5. HP: 18/28 MP: 4/11
  2052 | D:3      | Found a faded altar to an unknown god.
  2245 | D:3      | Noticed Natasha
  2256 | D:3      | Killed Natasha
  2442 | D:3      | Found a faded altar to an unknown god.
  2617 | D:3      | Noticed Natasha
  2620 | D:3      | Killed Natasha
  2628 | D:3      | Found a faded altar to an unknown god.
  2896 | D:3      | Noticed Natasha
  2899 | D:3      | Killed Natasha
  2899 | D:3      | Reached skill level 5 in Fire Magic
  2959 | D:4      | Reached XP level 6. HP: 32/32 MP: 4/12
  3221 | D:4      | Found a staircase to the Ecumenical Temple.
  3227 | Temple   | Entered the Ecumenical Temple
  3264 | Temple   | Became a worshipper of Vehumet
  3459 | D:4      | Got a scorched leather armour
  3460 | D:4      | Identified the cursed +1 leather armour "Exzoi" {+Inv MR+ SInv} (You found it on level 4 of the Dungeon)
  3683 | D:4      | Noticed thewizardguy's ghost (novice MiFi)
  3723 | D:5      | Entered Level 5 of the Dungeon
  3891 | D:5      | Found a shimmering altar of Xom.
  4380 | D:5      | Found a glowing golden altar of the Shining One.
  4458 | D:5      | Reached XP level 7. HP: 14/36 MP: 0/13
  4938 | D:5      | Learned a level 2 spell: Throw Flame
  5509 | D:4      | Found a staircase to the Ecumenical Temple.
  5648 | D:4      | Killed thewizardguy's ghost
  5648 | D:4      | Reached XP level 8. HP: 32/41 MP: 4/14
  5729 | D:6      | Identified the Disquisition on the Voyage and Curses (You found it on level 6 of the Dungeon)
  5817 | D:6      | You fall through a shaft for 2 floors!
  5866 | D:8      | Reached * piety under Vehumet
  5866 | D:8      | Offered knowledge of Shock by Vehumet.
  5869 | D:8      | Learned a level 1 spell: Shock
  5990 | D:8      | HP: 2/41 [orc priest/divine providence (9)]
  6015 | D:7      | Slain by a sky beast

Skill      XL: |  1  2  3  4  5  6  7  8 |
---------------+-------------------------+-----
Conjurations   | 2 3 4 5 6 8 |  8.2
Fire Magic     | 4 5 6 7 8 |  8.5
Dodging        | |  2.4
Stealth        | |  2.4
Spellcasting   | |  3.0

Action                   |  1- 3 |  4- 6 |  7- 9 || total
-------------------------+-------+-------+-------++-------
Melee: Unarmed           |     7 |       |       ||     7
       Dagger            |     5 |     3 |       ||     8
       Whip              |       |    58 |    14 ||    72
 Cast: Flame Tongue      |    71 |   110 |    67 ||   248
       Conjure Flame     |       |     2 |     1 ||     3
       Shock             |       |       |     3 ||     3
Evoke: Wand              |       |     3 |       ||     3
  Use: Scroll            |       |     9 |       ||     9
       Potion            |       |     2 |       ||     2
  Eat: Chunk             |       |     8 |     5 ||    13
       Fruit             |       |     2 |       ||     2
       Beef jerky        |       |     1 |       ||     1
Armor: Robe              |    14 |    14 |     9 ||    37
Dodge: Dodged            |    32 |    49 |    24 ||   105
